 Dungeon Crawl Stone Soup version 0.29-a0-878-g7b45a56547 (webtiles) character file.

Game seed: 5163208177259576850

183 reriks the Shooter (level 5, -1/41 HPs)
             Began as a Formicid Hunter on July 20, 2022.
             Was a Priest of Zin.
             Slain by Edmund
             ... wielding a +1 dire flail of protection
              (4 damage)
             ... on level 3 of the Dungeon.
             The game lasted 00:09:00 (4171 turns).

reriks the Shooter (Formicid Hunter)                Turns: 4171, Time: 00:09:01

Health: -1/41      AC: 14    Str: 17 (18) XL:     5   Next: 94%
Magic:  5/5        EV:  6    Int:  5 (8)  God:    Zin [***...]
Gold:   257        SH:  0    Dex: 16 (17) Spells: 4/4 levels left

rFire   . . .      SeeInvis +   a - +0 shortbow
rCold   . . .      Faith    +   (no shield)
rNeg    . . .      Spirit   .   n - +0 plate armour
rPois   .          Reflect  .   (helmet unavailable)
rElec   .          Harm     .   (no cloak)
rCorr   .          Rampage  .   (no gloves)
Will    .....                   y - +2 pair of boots {Fly}
Stlth   ..........              l - amulet of faith
HPRegen 0.13/turn               (no ring)
MPRegen 0.09/turn               (no ring)

@: flying
A: permanent stasis, dig shafts and tunnels, antennae 3, four strong arms
a: Dig, Shaft Self, Renounce Religion, Recite, Vitalisation, Imprison, Donate
Gold


You were on level 3 of the Dungeon.
You worshipped Zin.
Zin was most pleased with you.
You visited 1 branch of the dungeon, and saw 4 of its levels.

You collected 285 gold pieces.
You donated 28 gold pieces to Zin.

Inventory:

Hand Weapons
 a - a +0 shortbow (weapon)
Armour
 c - a +0 leather armour
 m - a +0 ring mail
 n - a +0 plate armour (worn)
 q - the +8 plate armour of the Onion {*Corrode rF+ MP+9 Dex+3}
   (You found it on level 2 of the Dungeon)

   Dex:       It affects your dexterity (+3).
   rF:        It protects you from fire.
   MP:        It affects your magic capacity (+9).
   *Corrode:  It may corrode you when you take damage.
 y - a +2 pair of boots of flying (worn)
Jewellery
 l - an amulet of faith (around neck)
 v - a +6 ring of dexterity
Wands
 u - a wand of paralysis (10)
Scrolls
 b - 2 scrolls of immolation
 e - 8 scrolls of identify
 i - a scroll of teleportation {unknown}
 k - a scroll of brand weapon {unknown}
 o - a scroll of poison {unknown}
 p - 3 scrolls of vulnerability {unknown}
 r - a scroll of magic mapping {unknown}
 s - a scroll of enchant armour {unknown}
 t - 2 scrolls of blinking {unknown}
Potions
 d - a potion of degeneration
 h - 3 potions of magic
 j - 2 potions of invisibility {unknown}
 w - a potion of resistance {unknown}
 x - a potion of haste {unknown}
 z - a potion of curing {unknown}
 A - a potion of berserk rage {unknown}


   Skills:
 + Level 3.3 Fighting
 + Level 4.5 Ranged Weapons
 + Level 2.3 Armour
 + Level 2.7 Dodging
 + Level 3.1 Stealth
 + Level 0.7 Invocations


You had 4 spell levels left.
You didn't know any spells.
Your spell library contained the following spells:

 Spells                   Type           Power      Damage    Failure   Level
 Sandblast                Erth           0%         2d4       100%        1
 Shock                    Conj/Air       0%         1d3       100%        1
 Passwall                 Tmut/Erth      0%         N/A       100%        2
 Stone Arrow              Conj/Erth      0%         3d7       100%        3
 Airstrike                Air            0%         0-1+      100%        4
 Fireball                 Conj/Fire      0%         3d3       100%        5
 Iskenderun's Battlesphe  Conj           0%         2d6       100%        5
 Conjure Ball Lightning   Conj/Air       0%         3x3d6     100%        6
 Orb of Destruction       Conj           0%         9d5       100%        7
 Swiftness                Air            Unusable   N/A       N/A         3

Dungeon Overview and Level Annotations

Branches:
Dungeon (4/15)             Temple (0/1) D:4

Altars:
Zin

Shops:
D:1 [

Annotations:
D:3 Edmund
D:4 Blork the orc, Dowan, Duvessa


Innate Abilities, Weirdness & Mutations

You cannot be hasted, slowed, berserked, paralysed or teleported.
You can dig through walls and to a lower floor.
You have a pair of large antennae on your head. (SInv)
Your four strong arms can wield two-handed weapons with a shield.


Message History

Fire: a) +0 shortbow
Press: ? - help, Shift-Dir - straight line, f/p - Edmund
Aim: Edmund, wielding a +1 dire flail of protection and wearing a +0 ring mail (moderately wounded, 66% to hit)
You shoot an arrow. The arrow hits Edmund!
Edmund is heavily wounded.
Edmund completely misses you.
Edmund says, "A flail is better than a scythe, any day of the week!"
Edmund hits you with a +1 dire flail of protection.
* * * LOW HITPOINT WARNING * * *
Fire: a) +0 shortbow
Press: ? - help, Shift-Dir - straight line, f/p - Edmund
Aim: Edmund, wielding a +1 dire flail of protection and wearing a +0 ring mail (heavily wounded, 66% to hit)
You shoot an arrow. The arrow closely misses Edmund.
Edmund clears his throat.
Edmund hits you with a +1 dire flail of protection.
* * * LOW HITPOINT WARNING * * *
Fire: a) +0 shortbow
Press: ? - help, Shift-Dir - straight line, f/p - Edmund
Aim: Edmund, wielding a +1 dire flail of protection and wearing a +0 ring mail (heavily wounded, 66% to hit)
You shoot an arrow. The arrow hits Edmund.
Edmund is heavily wounded.
Edmund hits you with a +1 dire flail of protection.
* * * LOW HITPOINT WARNING * * *
Fire: a) +0 shortbow
Press: ? - help, Shift-Dir - straight line, f/p - Edmund
Aim: Edmund, wielding a +1 dire flail of protection and wearing a +0 ring mail (heavily wounded, 66% to hit)
You shoot an arrow. The arrow closely misses Edmund.
Edmund hits you with a +1 dire flail of protection!
Zin protects you from harm!
Fire: a) +0 shortbow
Press: ? - help, Shift-Dir - straight line, f/p - Edmund
Aim: Edmund, wielding a +1 dire flail of protection and wearing a +0 ring mail (heavily wounded, 66% to hit)
You shoot an arrow. The arrow hits Edmund.
Edmund is severely wounded.
You feel less wooden.
Your +2 pair of boots of flying unmelds from your body.
Your +0 plate armour unmelds from your body.
You fly up into the air.
Edmund hits you with a +1 dire flail of protection.
You die...

#.......#...........#####.
##.######...........#####.
#.# #.##########.....> #.#
#....# #...... #.# #....#
#...... #.# #....# #......
#.# #....# #...... #.#
#@...# #......
#.######@...# #......
#.......<.[.# ######.
#########...############.
####...............###
#..................#..
#..................#.#
#..................#.#
####...#...........#.#
#...#...........#.#


You could see Edmund.

Vanquished Creatures
  6 gnolls
  3 adders
  2 worms
  5 dart slugs
  An orc (D:3)
  7 ball pythons
  4 bats
  8 endoplasms
  4 giant cockroaches
  8 goblins
  4 hobgoblins
  9 jackals
  2 quokkas
  2 frilled lizards (D:1)
  8 kobolds
  2 rats (D:3)
75 creatures vanquished.

Vanquished Creatures (others)
  A fungus (D:2)
  A plant (D:2)
2 creatures vanquished.

Grand Total: 77 creatures vanquished

Notes
Turn   | Place    | Note
-------+----------+-------------------------------------------
     0 | D:1      | reriks the Formicid Hunter began the quest for the Orb.
     0 | D:1      | Reached XP level 1. HP: 16/16 MP: 1/1
   114 | D:1      | Reached XP level 2. HP: 20/23 MP: 2/2
   329 | D:1      | Found Xeykhloj's Antique Armour Shop.
   528 | D:2      | Reached skill level 1 in Armour
   528 | D:2      | Reached XP level 3. HP: 16/28 MP: 3/3
   869 | D:2      | Reached XP level 4. HP: 33/34 MP: 4/4
  1730 | D:2      | Identified the +8 plate armour of the Onion {*Corrode rF+
                  | MP+9 Dex+3}
  1864 | D:2      | Reached XP level 5. HP: 41/41 MP: 5/5
  1978 | D:2      | Found a faded altar of an unknown god.
  2106 | D:2      | Prayed at the altar of an unknown god.
  2106 | D:2      | Became a worshipper of Zin the Law-Giver
  2106 | D:2      | Reached * piety under Zin
  2106 | D:2      | Reached ** piety under Zin
  2437 | D:3      | Reached *** piety under Zin
  2530 | D:3      | Identified the +6 dagger of Karma {drain, MP+9 Dex+4
                  | Stlth+}
  3277 | D:4      | Noticed Duvessa
  3277 | D:4      | Noticed Dowan
  3966 | D:4      | Found a staircase to the Ecumenical Temple.
  4014 | D:4      | Noticed Blork the orc
  4125 | D:4      | Noticed Edmund
  4146 | D:3      | HP: 2/41 [Edmund/+1 dire flail of protection (6)]
  4170 | D:3      | Zin protects you from harm!
  4171 | D:3      | Slain by Edmund

Illustrated notes

Levels and vault maps discovered:
D:1:      sevenhm_arrival_forest_fort_small_6, layout_rooms, serial_shops,
          nicolae_shop_hallway_stairs, corexii_item_surrounded_by_moat
D:2:      layout_basic, shapermc_ecumenical_altar_acropolis
D:3:      layout_basic, kennysheep_generic_room_2
D:4:      layout_rooms, minmay_temple_entry_glassed_door, uniq_blork_the_orc,
          uniq_duvessa, uniq_edmund

Skill      XL: |  1  2  3  4  5 |
---------------+----------------+-----
Dodging        | 2 |  2.7
Armour         | 1 2 |  2.3
Stealth        | 2 3 |  3.1
Fighting       | 3 |  3.3
Ranged Weapons | |  4.5
Invocations    | |  0.7

Action                   |  1- 3 |  4- 6 || total
-------------------------+-------+-------++-------
 Fire: Shortbow          |    79 |   211 ||   290
Invok: Vitalisation      |       |     2 ||     2
 Abil: Dig               |       |     5 ||     5
  Use: Potion            |       |     3 ||     3
       Scroll            |       |     1 ||     1
Armor: Leather armour    |     4 |       ||     4
       Plate armour      |     4 |   130 ||   134
       Skin              |       |    14 ||    14
Dodge: Dodged            |    10 |    81 ||    91

Table legend: (Time is in decaauts)
 A = Elapsed time spent in this place.
 B = Non-inter-level travel time spent in this place.
 C = Inter-level travel time spent in this place.
 D = Time resting spent in this place.
 E = Time spent auto-exploring this place.
 F = Levels seen in this place.
 G = Mean time per level.
                   A        B        C        D        E       F      G
               +--------+--------+--------+--------+--------+-----+--------+
         Total |   4384 |   4006 |    378 |   1230 |   1864 |   4 | 1096.0 |
       Dungeon |   4384 |   4006 |    378 |   1230 |   1864 |   4 | 1096.0 |
               +--------+--------+--------+--------+--------+-----+--------+

Top non-repeatable levels by time:
     D:3: 1568 daAuts
     D:2: 1388 daAuts
     D:1: 1115 daAuts
     D:4: 311 daAuts
